 Dungeon Crawl Stone Soup version 0.29-a0-1039-gfc20370e89 (webtiles) character file.

Game seed: 747364379440388533

2121 Plasmagod the Cleaver (level 9, 0/57 HPs)
             Began as a Formicid Fighter on Aug 15, 2022.
             Was a Follower of Hepliaklqana.
             Slain by a gnoll
             ... wielding a +0 halberd
             ... led by a gnoll bouda
              (12 damage)
             ... on level 7 of the Dungeon.
             The game lasted 00:11:21 (6363 turns).

Plasmagod the Cleaver (Formicid Fighter)            Turns: 6363, Time: 00:11:22

Health: 0/57       AC:  9    Str: 26    XL:     9   Next: 54%
Magic:  9/9        EV:  8    Int:  7    God:    Hepliaklqana [*.....]
Gold:   304        SH:  6    Dex: 13    Spells: 8/8 levels left

rFire   . . .      SeeInvis +   u - +2 hand axe (vamp)
rCold   . . .      Faith    .   c - +1 buckler
rNeg    . . .      Spirit   .   q - +0 chain mail
rPois   .          Reflect  .   (helmet unavailable)
rElec   .          Harm     .   (no cloak)
rCorr   +          Rampage  .   (no gloves)
Will    .....                   (no boots)
Stlth   ..........              (no amulet)
HPRegen 0.19/turn               i - ring of resist corrosion
MPRegen 0.11/turn               (no ring)

@: no status effects
A: reduced essence, permanent stasis, dig shafts and tunnels, antennae 3, four
strong arms
a: Dig, Shaft Self, Renounce Religion, Recall Ancestor, Ancestor Identity


You were on level 7 of the Dungeon.
You worshipped Hepliaklqana.
Hepliaklqana was aware of your devotion.
You visited 2 branches of the dungeon, and saw 8 of its levels.

You collected 304 gold pieces.

Inventory:

Hand Weapons
 a - a +1 war axe
 u - a +2 vampiric hand axe (weapon)
Armour
 c - a +1 buckler (worn)
 q - a +0 chain mail (worn)
Jewellery
 b - an amulet of magic regeneration
 i - a ring of resist corrosion (left hand)
 m - a ring of wizardry
Wands
 x - a wand of iceblast (6)
Scrolls
 e - 2 scrolls of identify
 g - a scroll of enchant armour
 h - a scroll of butterflies
 o - 2 scrolls of enchant weapon
 t - a scroll of poison
Potions
 d - 2 potions of might
 f - 2 potions of resistance
 j - a potion of mutation
 k - 3 potions of attraction
 l - 2 potions of curing
 p - a potion of invisibility {unknown}
 r - a potion of flight {unknown}
 w - a potion of cancellation {unknown}
 z - a potion of ambrosia {unknown}
 B - a potion of lignification {unknown}
 C - a potion of heal wounds {unknown}


   Skills:
 - Level 3.2 Fighting
 + Level 12.1 Axes
 - Level 3.2 Armour
 - Level 4.0 Shields


You had 8 spell levels left.
You didn't know any spells.
Your spell library contained the following spells:

 Spells                   Type           Power      Damage    Failure   Level
 Apportation              Tloc           0%         N/A       98%         1
 Necrotise                Necr           0%         1d4       98%         1
 Sting                    Tmut/Pois      0%         1d3       98%         1
 Summon Small Mammal      Summ           0%         N/A       98%         1
 Ensorcelled Hibernation  Hex/Ice        0%         N/A       99%         2
 Passwall                 Tmut/Erth      0%         N/A       99%         2
 Poisonous Vapours        Pois/Air       0%         N/A       99%         2
 Olgreb's Toxic Radiance  Pois           0%         N/A       100%        4
 Swiftness                Air            Unusable   N/A       N/A         3

Dungeon Overview and Level Annotations

Branches:
Dungeon (7/15)             Temple (1/1) D:4

Altars:
Ashenzari
Cheibriados
Dithmenos
Elyvilon
Fedhas
Hepliaklqana
Kikubaaqudgha
Nemelex Xobeh
Okawaru
Qazlal
Ru
Sif Muna
Uskayaw
Vehumet
Xom
Yredelemnul
Zin

Shops:
D:1 *   D:6 =


Innate Abilities, Weirdness & Mutations

Your life essence is reduced to manifest your ancestor. (-10% HP)
You cannot be hasted, slowed, berserked, paralysed or teleported.
You can dig through walls and to a lower floor.
You have a pair of large antennae on your head. (SInv)
Your four strong arms can wield two-handed weapons with a shield.


Message History

You see here a +0 whip.
You barely miss the gnoll bouda. The gnoll barely misses you.
Kir Hawk hits the gnoll bouda!
The gnoll hits you from afar with a +0 halberd!
You block the gnoll bouda's attack.
You closely miss the gnoll bouda.
The gnoll bouda is moderately wounded.
The gnoll hits you from afar with a +0 halberd.
Kir Hawk hits the gnoll bouda.
You hit the gnoll bouda but do no damage.
The gnoll bouda is heavily wounded.
The gnoll hits you from afar with a +0 halberd.
The gnoll bouda hits you with a +0 club.
The gnoll completely misses you.
You are too injured to fight recklessly!
You are too injured to fight recklessly!
You are too injured to fight recklessly!
You hit the gnoll bouda.
You feel better.
The gnoll bouda is severely wounded.
Kir Hawk hits the gnoll bouda!
The gnoll bouda dies!
The gnoll hits you from afar with a +0 halberd!
Kir Hawk hits the gnoll.
The gnoll closely misses you.
Your attacks no longer feel as feeble.
Kir Hawk hits the gnoll but does no damage.
Kir Hawk hits the gnoll.
The gnoll closely misses you. The gnoll barely misses you.
You hit the gnoll but do no damage.
The gnoll is heavily wounded.
Kir Hawk barely misses the gnoll.
The gnoll closely misses you.
You hit the gnoll but do no damage.
The gnoll is heavily wounded.
The gnoll is no longer moving quickly.
The gnoll hits you from afar with a +0 halberd.
You hit the gnoll.
The gnoll is severely wounded.
Kir Hawk barely misses the gnoll.
The gnoll hits you with a +0 halberd!
* * * LOW HITPOINT WARNING * * *
The gnoll hits you from afar with a +0 halberd!
You die...

. ########## ..
#........# ... #........#
...#######........#
........#.........# .
...####.#.......@g##....
.................Rgg.....
.......≈≈≈≈≈≈≈≈..##......
.....#.≈.......≈.# ......
.....#.≈..≈≈§§§§.# ####.
.....#.≈.≈...§.≈.#
.....#.≈.§._§§§≈..#
..?..#.≈.§...≈.≈..#
.....#.≈.≈§≈≈≈.≈..#


You could see the friendly Kir Hawk the ancestor and 3 gnolls.

Vanquished Creatures
  A steam dragon (D:7)
  A sky beast (D:6)
  2 ice beasts
  An ogre (D:6)
  2 centaurs
  4 phantoms
  Blork the orc (D:5)
  3 necrophages (D:5)
  A scorpion (D:6)
  A howler monkey (D:6)
  2 hounds (D:5)
  A jelly (D:5)
  A gnoll bouda (D:6)
  An orc priest (D:6)
  2 iguanas (D:4)
  7 orc wizards
  10 gnolls
  5 adders
  A shadow imp (D:5)
  3 white imps
  2 ufetubi
  2 worms
  A dart slug (D:4)
  An orc (D:6)
  4 bats
  7 endoplasms
  3 giant cockroaches
  6 goblins
  8 hobgoblins
  19 jackals
  9 kobolds
  4 quokkas
  4 ball pythons
  3 frilled lizards
  4 rats
127 creatures vanquished.

Vanquished Creatures (collateral kills)
  A black bear (D:6)
  A centaur (D:6)
  A gnoll bouda (D:7)
  A gnoll (D:7)
4 creatures vanquished.

Grand Total: 131 creatures vanquished

Notes
Turn   | Place    | Note
-------+----------+-------------------------------------------
     0 | D:1      | Plasmagod the Formicid Fighter began the quest for the Orb.
     0 | D:1      | Reached XP level 1. HP: 18/18 MP: 1/1
    46 | D:1      | Reached XP level 2. HP: 18/24 MP: 2/2
   238 | D:1      | Reached skill level 3 in Axes
   283 | D:1      | Found a faded altar of an unknown god.
   310 | D:1      | Reached XP level 3. HP: 28/29 MP: 3/3
   603 | D:1      | Found Jetzuh's General Store.
  1089 | D:2      | Reached skill level 4 in Axes
  1089 | D:2      | Reached XP level 4. HP: 30/35 MP: 4/4
  1162 | D:2      | Found a shimmering blue altar of Sif Muna.
  1768 | D:3      | Noticed an ice beast
  1783 | D:3      | Killed an ice beast
  1784 | D:3      | Reached skill level 5 in Axes
  1784 | D:3      | Reached XP level 5. HP: 12/41 MP: 5/5
  2278 | D:3      | Reached XP level 6. HP: 46/47 MP: 6/6
  2369 | D:3      | Reached skill level 6 in Axes
  3351 | D:4      | Reached XP level 7. HP: 49/52 MP: 7/7
  3427 | D:4      | Reached skill level 7 in Axes
  3801 | D:4      | Found a staircase to the Ecumenical Temple.
  3826 | Temple   | Entered the Ecumenical Temple
  3836 | Temple   | Became a worshipper of Hepliaklqana the Forgotten
  3867 | D:5      | Entered Level 5 of the Dungeon
  3975 | D:5      | Reached skill level 8 in Axes
  4071 | D:5      | Reached XP level 8. HP: 57/58 MP: 8/8
  4280 | D:5      | Reached skill level 9 in Axes
  4447 | D:5      | Found a hide-covered altar of Uskayaw.
  4540 | D:5      | Found a snail-covered altar of Cheibriados.
  4800 | D:5      | Noticed Blork the orc
  4813 | D:5      | Killed Blork the orc
  4927 | D:5      | Reached skill level 10 in Axes
  5057 | D:5      | Reached * piety under Hepliaklqana
  5100 | D:6      | Found a stormy altar of Qazlal.
  5516 | D:6      | Reached XP level 9. HP: 53/57 MP: 9/9
  5692 | D:6      | Found Aqoofad's Jewellery Emporium.
  5700 | D:6      | Reached skill level 11 in Axes
  6327 | D:7      | Found a shimmering blue altar of Sif Muna.
  6343 | D:7      | Reached skill level 12 in Axes
  6363 | D:7      | Slain by a gnoll

Illustrated notes

Levels and vault maps discovered:
D:1:      dpeg_arrival_signposts, layout_basic, serial_shops, shop,
          shapermc_ecumenical_altar_mp_vishouse
D:2:      layout_loops_cross, basic_altar
D:3:      layout_loops_ring
D:4:      layout_basic, temple_green
D:5:      minmay_angry_zag, layout_basic, mainiacjoe_overflow_two_lobes,
          minmay_a_box_with_orc_wizards_in_it, uniq_blork_the_orc
D:6:      layout_loops_cross, nicolae_qazlal_general_emergency,
          kennysheep_windowed_goal
D:7:      layout_basic, mainiacjoe_overflow_concentric_impassable, minivault_1,
          hangedman_decor_points, uniq_menkaure
Temple:   nicolae_temple_x_marks_the_god

Skill      XL: |  1  2  3  4  5  6  7  8  9 |
---------------+----------------------------+-----
Axes           | 3 4 5 6 8 10 12 | 12.1
Fighting       | |  3.2
Armour         | |  3.2
Shields        | |  4.0

Action                   |  1- 3 |  4- 6 |  7- 9 || total
-------------------------+-------+-------+-------++-------
Melee: War axe           |    60 |   126 |    10 ||   196
       Hand axe          |       |       |   278 ||   278
Invok: Ancestor Identity |       |       |     1 ||     1
  Use: Scroll            |       |     8 |     8 ||    16
 Stab: Distracted        |       |       |     2 ||     2
Armor: Scale mail        |    32 |    31 |       ||    63
       Chain mail        |       |    18 |   108 ||   126
Dodge: Dodged            |    35 |    52 |    70 ||   157
Block: Buckler           |    14 |    22 |    50 ||    86

Table legend: (Time is in decaauts)
 A = Elapsed time spent in this place.
 B = Non-inter-level travel time spent in this place.
 C = Inter-level travel time spent in this place.
 D = Time resting spent in this place.
 E = Time spent auto-exploring this place.
 F = Levels seen in this place.
 G = Mean time per level.
                   A        B        C        D        E       F      G
               +--------+--------+--------+--------+--------+-----+--------+
         Total |   6378 |   6220 |    158 |    451 |   4754 |   8 |  797.2 |
       Dungeon |   6359 |   6208 |    151 |    451 |   4754 |   7 |  908.4 |
        Temple |     18 |     11 |      7 |      0 |      0 |   1 |   18.0 |
               +--------+--------+--------+--------+--------+-----+--------+

Top non-repeatable levels by time:
     D:5: 1216 daAuts
     D:3: 1198 daAuts
     D:6: 1174 daAuts
     D:1: 936 daAuts
     D:4: 905 daAuts
     D:2: 865 daAuts
     D:7: 61 daAuts
  Temple: 18 daAuts
